cohdb
Replays
Latest Replays
All Replays
Popular Replays
Top Player Replays
Match Explorer
How It Works
Community
CoH3 Stats
Reddit
Sign in to upload your games and track your stats! →
Sign in with Steam
Match 38442618
Unlisted
Match 38442618
Overview
Messages
Build Orders
End
Kettenkrad Recon Vehicle
Construct Infanterie Kompanie
MG 42 Machine Gun Team
GrW 34 Mortar Team
Grenadier Squad
Medical Station
Construct Panzergrenadier Kompanie
Panzergrenadier Squad
Support Elements
Selects Breakthrough Battlegroup
Selects Assault Grenadiers
Selects 2.5-tonne Cargo Truck
Construct Panzer Kompanie
Nebelwerfer 42 Rocket Launcher Team
Pak 40 Anti-tank Gun Team
Kettenkrad Recon Vehicle
Panzer IV Medium Tank
Medical Bunker
Pioneer Squad
AI Takeover
Tod und Teufel
一半的橘子
Nona_
HiddenJoker
pagep
『BlackBear』
WL
我的臭脚随莱闻
0
0
Comments
sign in to comment!
No comments posted yet!